 Dungeon Crawl Stone Soup version 0.28.0-53-g5a82cb258f (webtiles) character file.

Game seed: 11430033713916222575

5117 unlimited1921 the Thaumaturge (level 10, -4/62 HPs)
             Began as a Djinni Fire Elementalist on June 18, 2022.
             Was an Initiate of Gozag.
             Slain by Harold
             ... wielding a +0 scimitar
              (13 damage)
             ... on level 8 of the Dungeon.
             The game lasted 01:08:59 (19094 turns).

unlimited1921 the Thaumaturge (DjFE)               Turns: 19094, Time: 01:09:00

Health: -4/62      AC: 10    Str:  4 (7)  XL:     10   Next: 88%
Gold:   402        EV:  5    Int: 19 (22) God:    Gozag SH:  0 Dex: 17 (19)

rFire   + + +      SeeInvis .   E - +3 rapier of Wondrous Power {flame, rC+}
rCold   x . .      Faith    .   G - +0 kite shield
rNeg    . . .      Spirit   .   s - +3 leather armour
rPois   ∞          Reflect  .   w - +1 helmet
rElec   .          Harm     .   H - scarf {repulsion}
rCorr   .          Rampage  .   d - +0 pair of gloves
Will    +....                   (boots unavailable)
Stlth   +++.......              (no amulet)
HPRegen 0.20/turn               e - +6 ring of dexterity
MPRegen 0.00/turn               y - ring of fire

@: marked, flying, held, repel missiles
A: sickness immunity, fire resistance 2, cold vulnerability 1, float, innate
caster, HP casting, extra vitality 1
a: Renounce Religion, Potion Petition, Call Merchant, Bribe Branch


You were on level 8 of the Dungeon.
You worshipped Gozag.
Gozag was aware of your devotion.
You visited 2 branches of the dungeon, and saw 11 of its levels.

You collected 706 gold pieces.
You paid 304 gold pieces to Gozag.

Inventory:

Hand Weapons
 v - a +0 hunting sling
 D - a +2 trident of venom
 E - the +3 rapier of Wondrous Power (weapon) {flame, rC+}
   (You found it on level 6 of the Dungeon)

   It burns those it strikes, dealing additional fire damage.
   rC:        It protects you from cold.
Missiles
 f - 55 bolts
 h - 286 stones
 z - 3 curare-tipped darts
 F - 15 poisoned darts
 M - 3 atropa-tipped darts
 P - 5 javelins
Armour
 d - a +0 pair of gloves (worn)
 j - the +5 chain mail "Vukhogg" {+Blink rF+ Str+3 Stlth+}
   (You found it on level 6 of the Dungeon)

   Str:       It affects your strength (+3).
   rF:        It protects you from fire.
   +Blink:    It lets you blink.
   Stlth:     It makes you more stealthy.
 s - a +3 leather armour (worn)
 w - a +1 helmet (worn)
 G - a +0 kite shield (worn)
 H - a scarf of repulsion (worn)
Jewellery
 e - a +6 ring of dexterity (left hand)
 n - a +6 ring of strength
 y - a ring of fire (right hand)
Wands
 g - a wand of paralysis (4) (quivered)
 N - a wand of iceblast (2)
Scrolls
 b - a scroll of vulnerability {unknown}
 c - 6 scrolls of teleportation {unknown}
 k - a scroll of holy word {unknown}
 l - 7 scrolls of identify {unknown}
 o - a scroll of amnesia {unknown}
 q - 2 scrolls of immolation {unknown}
 t - a scroll of summoning {unknown}
 u - 2 scrolls of enchant armour {unknown}
 A - a scroll of brand weapon {unknown}
 B - a scroll of torment {unknown}
 I - a scroll of fear {unknown}
 J - a scroll of fog {unknown}
 L - a scroll of blinking {unknown}
Potions
 a - a potion of flight {unknown}
 i - a potion of degeneration
 m - 3 potions of curing {unknown}
 p - a potion of lignification {unknown}
 r - 3 potions of heal wounds {unknown}
 x - 3 potions of brilliance {unknown}
 C - a potion of magic {unknown}
 K - a potion of resistance {unknown}
 O - a potion of ambrosia {unknown}


   Skills:
 + Level 1.2 Fighting
 + Level 1.4 Short Blades
 * Level 4.4 Armour
 + Level 3.4 Dodging
 + Level 4.1 Stealth
 * Level 2.4 Shields
 * Level 10.5 Spellcasting


You had 7 spell levels left.
You knew the following spells:

 Your Spells              Type           Power      Damage    Failure   Level
a - Foxfire               Conj/Fire      100%       2x1d9     1%          1
b - Scorch                Fire           100%       2d10      1%          2
c - Conjure Flame         Conj/Fire      66%        6-21      1%          3
d - Inner Flame           Hex/Fire       66%        N/A       1%          3
e - Flame Wave            Conj/Fire      66%        2d12      4%          4
f - Slow                  Hex            100%       N/A       1%          1
g - Passwall              Tmut/Erth      41%        N/A       1%          2
h - Teleport Other        Tloc           50%        N/A       1%          3
i - Dispel Undead         Necr           50%        3d19      4%          4
Your spell library was empty.

Dungeon Overview and Level Annotations

Branches:
Dungeon (10/15)            Temple (1/1) D:5            Lair (0/6) D:10
    Orc: D:9-12

Altars:
Ashenzari
Cheibriados
Dithmenos
Elyvilon
Fedhas
Gozag
Hepliaklqana
Kikubaaqudgha
Makhleb
Nemelex Xobeh
Okawaru
Ru
Sif Muna
Trog
Uskayaw
Vehumet
Wu Jian
Xom
Yredelemnul
Zin

Annotations:
D:8 1 transporter, Harold


Innate Abilities, Weirdness & Mutations

You are immune to sickness and miasma.
You are immune to poison.
Your flesh is very heat resistant. (rF++)
You are vulnerable to cold. (rC-)
You float through the air rather than walking.
You learn spells naturally, not from books.
Your magical power is your life essence.
You have superior vitality. (+4 MHP)


Message History

You struggle against the net.
The foxfire hits Harold.
Flame seeps out of Harold.
Harold is heavily wounded.
Harold is engulfed in blazing flames.
Flame seeps out of Harold.
The foxfire hits Harold.
Flame seeps out of Harold.
Harold is heavily wounded.
You struggle against the net.
Casting: Foxfire (safe; 1% risk of failure)
Confirm with . or Enter, or press ? or * to list all spells.
You feel a surge of power!
You conjure some foxfire!
* * * LOW HITPOINT WARNING * * *
Harold is engulfed in blazing flames.
Flame seeps out of Harold.
The foxfire hits Harold.
Flame seeps out of Harold.
Harold is severely wounded.
Aiming: Paralyse
Press: ? - help, Q - select action, (/) - cycle Shift-Dir - straight line, f - Harold
Aim: Harold, wielding a +0 scimitar, wearing a +0 scale mail and quivering a throwing net (flame, severely wounded, inner flame, ally target, chance to affect: 17%) Harold resists with almost no effort.
The foxfire hits Harold.
Flame seeps out of Harold.
Harold is severely wounded.
A kobold comes into view. It is wielding a +0 dagger.
Aiming: Paralyse
Press: ? - help, Q - select action, (/) - cycle Shift-Dir - straight line, f/p - Harold
Aim: Harold, wielding a +0 scimitar, wearing a +0 scale mail and quivering a throwing net (flame, severely wounded, inner flame, chance to affect: 17%) Harold resists with almost no effort.
Harold is engulfed in blazing flames.
Flame seeps out of Harold.
Harold grumbles, "Just give up already, I want to go home!"
Harold hits you but does no damage.
Aiming: Paralyse
Press: ? - help, Q - select action, (/) - cycle Shift-Dir - straight line, f/p - Harold
Aim: Harold, wielding a +0 scimitar, wearing a +0 scale mail and quivering a throwing net (severely wounded, inner flame, chance to affect: 17%) Harold resists with almost no effort.
Harold hits you with a +0 scimitar!
* * * LOW HITPOINT WARNING * * *
It was a potion of degeneration.
There was something very wrong with that liquid.
You feel weakened.
You feel dopey.
You feel clumsy. Harold hits you with a +0 scimitar!
You die...
Your body crumbles into a pile of gold.
K...........# #...$......$ #.K...$.$$. #..$..$..$ $.K$... $$$$

###@###### ..
#.$.@....# # .#
#$#$.###.# .##. #
#.$# #.# ..## #..$
#.# #######...
...#.#.# #.........
.$$.#.#.#.#.#..#....
#..#.#
#.#...........
#.....
#.#####.#.....
#.#.....#..#..


You could see Harold (inner flame), a kobold brigand and 2 kobolds.

Vanquished Creatures
  A komodo dragon (D:10)
  Grinder (D:3)
  3 wyverns (D:9)
  Sigmund (D:2)
  A wraith (D:10)
  An acid dragon (D:10)
  2 water moccasins
  3 orc warriors
  2 sky beasts
  2 ice beasts
  2 black bears
  2 necrophages
  3 ogres
  A centaur (D:8)
  5 kobold brigands
  2 bullfrogs
  3 scorpions
  A water moccasin skeleton (D:5)
  A spectral acid dragon (D:10)
  3 killer bees (D:9)
  3 howler monkeys
  2 centaur zombies
  5 orc priests
  2 gnoll shamans
  5 hounds
  3 jellies
  A bullfrog skeleton (D:5)
  Natasha (twice) (D:2)
  4 iguanas
  7 orc wizards
  2 spectral killer bees (D:9)
  Robin (D:4)
  16 gnolls
  A howler monkey skeleton (D:7)
  8 adders
  A white imp (D:5)
  2 ufetubi (D:5)
  2 orc zombies
  2 spectral gnolls (D:10)
  3 worms
  5 dart slugs
  23 orcs
  8 bats
  6 endoplasms
  9 giant cockroaches
  2 gnoll zombies
  18 goblins
  13 hobgoblins
  6 jackals
  2 quokkas
  6 ball pythons
  2 frilled lizards
  A hobgoblin zombie (D:6)
  27 kobolds
  2 kobold zombies
  6 rats
  6 spectral kobolds
  4 spectral orcs
258 creatures vanquished.

Vanquished Creatures (collateral kills)
  A gnoll (D:6)
  An orc (D:9)
2 creatures vanquished.

Vanquished Creatures (others)
  A spectral wyvern (D:9)
  A kobold zombie (D:6)
  A spectral hound (D:6)
  A howler monkey zombie (D:8)
  3 gnoll zombies
  3 orc zombies (D:8)
  A spectral orc (D:9)
  482 foxfires
  6 fungi (D:7)
  16 plants
515 creatures vanquished.

Grand Total: 775 creatures vanquished

Notes
Turn   | Place    | Note
-------+----------+-------------------------------------------
     0 | D:1      | unlimited1921 the Djinni Fire Elementalist began the quest
                  | for the Orb.
     0 | D:1      | Reached XP level 1. HP: 15/15 MP: 0/0
   557 | D:1      | Reached XP level 2. HP: 17/21 MP: 0/0
  2084 | D:1      | Reached skill level 3 in Spellcasting
  2310 | D:1      | Reached XP level 3. HP: 23/25 MP: 0/0
  2310 | D:1      | Learned a level 1 spell: Slow
  3945 | D:2      | Noticed Natasha
  3956 | D:2      | Killed Natasha
  3957 | D:2      | Reached XP level 4. HP: 14/31 MP: 0/0
  4239 | D:2      | Noticed Sigmund
  4245 | D:2      | Killed Sigmund
  4246 | D:2      | Reached skill level 4 in Spellcasting
  4246 | D:2      | Reached XP level 5. HP: 30/35 MP: 0/0
  4246 | D:2      | Learned a level 2 spell: Passwall
  4246 | D:2      | Reached XP level 6. HP: 35/40 MP: 0/0
  4250 | D:2      | Noticed Natasha
  4257 | D:2      | Killed Natasha
  5122 | D:2      | Got the Volume of Clay
  5882 | D:3      | Found an ornate altar of the Wu Jian Council.
  6590 | D:3      | Found a hide-covered altar of Uskayaw.
  6876 | D:3      | Noticed Grinder
  6884 | D:3      | Killed Grinder
  6885 | D:3      | Reached skill level 1 in Armour
  6885 | D:3      | Reached skill level 5 in Spellcasting
  6885 | D:3      | Reached XP level 7. HP: 37/45 MP: 0/0
  6885 | D:3      | Learned a level 3 spell: Teleport Other
  7188 | D:3      | Found a bloodstained altar of Trog.
  7593 | D:3      | Found a burning altar of Makhleb.
  8271 | D:4      | Found a glowing silver altar of Zin.
  8466 | D:4      | Reached XP level 8. HP: 45/50 MP: 0/0
  8843 | D:4      | Reached skill level 6 in Spellcasting
  9623 | D:4      | Noticed Robin
  9631 | D:4      | Killed Robin
 10163 | D:5      | Entered Level 5 of the Dungeon
 10220 | D:5      | Found a staircase to the Ecumenical Temple.
 10357 | D:5      | Reached skill level 7 in Spellcasting
 10745 | D:5      | Reached XP level 9. HP: 50/56 MP: 0/0
 10745 | D:5      | Learned a level 4 spell: Dispel Undead
 11624 | D:6      | Reached skill level 8 in Spellcasting
 12007 | D:6      | Identified the +5 chain mail "Vukhogg" {+Blink rF+ Str+3
                  | Stlth+}
 12058 | D:6      | Found a hazy altar of Hepliaklqana.
 12174 | Temple   | Entered the Ecumenical Temple
 12496 | Temple   | Became a worshipper of Yredelemnul the Dark
 12747 | D:6      | Identified the +3 rapier of Wondrous Power {flame, rC+}
 12860 | D:6      | Reached * piety under Yredelemnul
 13470 | D:6      | Reached skill level 1 in Short Blades
 13964 | D:7      | Reached skill level 9 in Spellcasting
 14215 | D:7      | Found a shimmering altar of Xom.
 14229 | D:7      | Reached XP level 10. HP: 57/61 MP: 0/0
 14375 | D:7      | You are sucked into a shaft and drop 2 floors!
 14954 | D:9      | Reached skill level 1 in Fighting
 14959 | D:9      | Reached skill level 1 in Shields
 15207 | D:10     | Entered Level 10 of the Dungeon
 16209 | D:10     | Noticed a komodo dragon
 16214 | D:10     | Killed a komodo dragon
 16293 | D:10     | Found a staircase to the Lair.
 17067 | D:10     | Reached skill level 10 in Spellcasting
 17765 | D:8      | Noticed Harold
 18475 | D:9      | Found an iron altar of Okawaru.
 18911 | D:9      | Found an opulent altar of Gozag.
 18911 | D:9      | Found a sparkling altar of Nemelex Xobeh.
 18927 | D:9      | Fell from the grace of Yredelemnul
 18927 | D:9      | Became a worshipper of Gozag Ym Sagoz the Greedy
 19020 | D:8      | Found a transporter.
 19094 | D:8      | Slain by Harold

Illustrated notes

Levels and vault maps discovered:
D:1:      lemuel_arrival_broad_hall, layout_loops_corners, nrook_mini_vaults
D:2:      layout_rooms, serial_glass, glass_columns_a, glass_columns_c,
          glass_columns_c, glass_columns_a, uniq_natasha, uniq_sigmund
D:3:      layout_loops_corners, marbit_many_paths,
          nicolae_overflow_hidden_temple, nicolae_wu_jian_glorious_leap,
          uniq_grinder
D:4:      kennysheep_goblin_castle, layout_basic, zin_treasury, minmay_between
D:5:      layout_loops_ring, nicolae_sif_muna_condensation,
          minmay_temple_entry_ruins, gup_sewer_entry_glass,
          hangedman_decor_growths
D:6:      kennysheep_housing_project, layout_rooms, mainiacjoe_overflow_alcove_1
D:7:      layout_loops_cross, mainiacjoe_overflow_cross_hatched
D:8:      layout_basic, mainiacjoe_overflow_divided_tiny, nzn_ghost_randoct,
          uniq_harold
D:9:      layout_small_grid, grunt_temple_overflow_opulence,
          mainiacjoe_overflow_catwalk
D:10:     layout_grid_maze, david_lair_shrubbed
Temple:   compressed_dpeg_triangle_lava_temple

Skill      XL: |  1  2  3  4  5  6  7  8  9 10 |
---------------+-------------------------------+-----
Spellcasting   | 3 4 5 7 9 10 | 10.5
Stealth        | 2 3 4 |  4.1
Armour         | 1 2 3 4 |  4.4
Dodging        | 3 |  3.4
Short Blades   | 1 |  1.4
Fighting       | 1 |  1.2
Shields        | 2 |  2.4

Action                   |  1- 3 |  4- 6 |  7- 9 | 10-12 || total
-------------------------+-------+-------+-------+-------++-------
Melee: Unarmed           |     1 |       |       |       ||     1
       Rapier            |       |     4 |    46 |     9 ||    59
       Punch             |       |       |     1 |       ||     1
 Cast: Foxfire           |    42 |    68 |   114 |    73 ||   297
       Scorch            |    14 |    25 |    56 |    34 ||   129
       Inner Flame       |       |     4 |    51 |    44 ||    99
       Teleport Other    |       |       |     2 |       ||     2
       Dispel Undead     |       |       |     2 |       ||     2
       Flame Wave        |       |       |       |     1 ||     1
Evoke: Wand              |       |       |       |     3 ||     3
  Use: Potion            |       |       |       |     1 ||     1
 Stab: Sleeping          |       |     1 |       |       ||     1
Armor: Robe              |     3 |     1 |       |       ||     4
       Leather armour    |       |     2 |    16 |     4 ||    22
Dodge: Dodged            |     8 |    10 |    22 |    10 ||    50
       Repelled          |       |       |       |     1 ||     1
Block: Kite shield       |       |       |       |    18 ||    18
